 Dungeon Crawl Stone Soup version 0.23.2-1-ga50397a (webtiles) character file.

Game seed: 17332963674526784502

132 diana the Skirmisher (level 4, -2/35 HPs)
             Began as a Demonspawn Fighter on May 24, 2019.
             Killed from afar by Natasha (8 damage)
             ... with a magic dart
             ... on level 2 of the Dungeon.
             The game lasted 00:01:38 (2123 turns).

diana the Skirmisher (Demonspawn Fighter)           Turns: 2123, Time: 00:01:39

Health: -2/35      AC:  8    Str: 18    XL:     4   Next: 92%
Magic:  0/4        EV:  7    Int:  9    God:
Gold:   65         SH:  9    Dex: 12    Spells: 3/3 levels left

rFire    . . .     SeeInvis .   a - +0 war axe
rCold    . . .     Gourm    .   c - +0 shield
rNeg     . . .     Faith    .   b - +0 scale mail
rPois    .         Spirit   +   (no helmet)
rElec    .         Reflect  .   e - +0 cloak
rCorr    .         Harm     .   (no gloves)
MR       .....                  (no boots)
Stlth    ..........             (no amulet)
HPRegen  0.11/turn              (no ring)
MPRegen  0.18/turn              (no ring)

@: no status effects
A: magic shield, magic regeneration
a: no special abilities


You were on level 2 of the Dungeon.
You were not hungry.

You visited 1 branch of the dungeon, and saw 3 of its levels.

You collected 65 gold pieces.

Inventory:

Hand Weapons
 a - a +0 war axe (weapon)
Armour
 b - a +0 scale mail (worn)
 c - a +0 shield (worn)
 e - a +0 cloak (worn)
Jewellery
 h - an uncursed ring of see invisible {unknown}
 s - a cursed ring of attention {unknown}
Scrolls
 g - 2 scrolls of enchant armour {unknown}
 i - a scroll of remove curse {unknown}
 j - a scroll of random uselessness {unknown}
 k - 2 scrolls of enchant weapon {unknown}
 l - 2 scrolls of identify {unknown}
 n - a scroll of teleportation {unknown}
 p - a scroll of fear {unknown}
 r - a scroll of fog {unknown}
 u - a scroll of blinking {unknown}
Potions
 d - a potion of might
 m - a potion of degeneration {unknown}
 o - a potion of brilliance {unknown}
 q - a potion of lignification {unknown}
 t - a potion of curing {unknown}
 v - a potion of agility {unknown}
Comestibles
 f - 8 rations


   Skills:
 + Level 3.5 Fighting
 * Level 3.1 Axes
 + Level 3.2 Armour
 + Level 1.2 Dodging
 + Level 3.2 Shields


You had 3 spell levels left.
You didn't know any spells.
Your spell library was empty.

Dungeon Overview and Level Annotations

Branches:
Dungeon (3/15)

Altars:

Annotations:
D:2 Natasha
D:3 Sigmund


Innate Abilities, Weirdness & Mutations

When hurt, damage is shared between your health and your magic reserves.
You regenerate magic rapidly.


Message History

There is a stone staircase leading up here.
You block the bat's attack. Sigmund gestures at you while chanting.
The magic dart hits you.
You climb upwards.
Natasha hisses angrily.
Natasha claws you.
There is a stone staircase leading down here.
You closely miss Natasha.
Natasha stares at you and mumbles some strange words.
The magic dart hits you.
Natasha wildly gestures.
Natasha's front paws start to glow.
You block Natasha's attack.
You barely miss Natasha. Natasha claws you!
* * * LOW HITPOINT WARNING * * *
You barely miss Natasha.
Natasha stares at you and mumbles some strange words.
The magic dart hits you!
You die...

###### #....# #....# #
#....# # #....#
############....#
#...............##########
#..............h.........#
'...............@........#
#...........###..........#
............# #..........#
.....>......# #.##########
....######### #.# .....#
#.# ####.###### #.#
..........# #.#
..........# #.#


You could see Natasha.

Vanquished Creatures
  Terence (D:2)
  Natasha (twice) (D:2)
  An ooze (D:2)
  A worm (D:2)
  A dart slug (D:1)
  3 leopard geckos
  4 bats
  4 giant cockroaches
  3 goblins
  4 hobgoblins
  9 jackals
  A ball python (D:2)
  5 frilled lizards
  4 kobolds
  3 rats
46 creatures vanquished.

Notes
Turn   | Place    | Note
-------+----------+-------------------------------------------
     0 | D:1      | diana the Demonspawn Fighter began the quest for the Orb.
     0 | D:1      | Reached XP level 1. HP: 18/18 MP: 1/1
   324 | D:1      | Gained mutation: When hurt, damage is shared between your
                  | health and your magic reserves. [demonic ancestry]
   324 | D:1      | Reached XP level 2. HP: 24/24 MP: 2/2
  1051 | D:2      | Gained mutation: You regenerate magic rapidly. [demonic
                  | ancestry]
  1051 | D:2      | Reached XP level 3. HP: 26/29 MP: 3/3
  1071 | D:2      | Noticed Terence
  1092 | D:2      | Killed Terence
  1293 | D:2      | Reached skill level 1 in Dodging
  1365 | D:2      | Reached XP level 4. HP: 22/35 MP: 2/4
  1478 | D:2      | Noticed Natasha
  1487 | D:2      | Killed Natasha
  1850 | D:2      | Noticed Natasha
  1854 | D:2      | Killed Natasha
  2111 | D:3      | Noticed Sigmund
  2120 | D:2      | Noticed Natasha
  2123 | D:2      | Killed from afar by Natasha

Skill      XL: |  1  2  3  4 |
---------------+-------------+-----
Axes           | 2 3 |  3.1
Armour         | 3 |  3.2
Shields        | 3 |  3.2
Dodging        | 1 |  1.2
Fighting       | |  3.5

Action                   |  1- 3 |  4- 6 || total
-------------------------+-------+-------++-------
Melee: War axe           |   100 |    43 ||   143
  Eat: Chunk             |     2 |     2 ||     4
Armor: Scale mail        |    35 |    20 ||    55
Dodge: Dodged            |    23 |    13 ||    36
Block: Shield            |    47 |    24 ||    71
